 Dungeon Crawl Stone Soup version 0.32-a0-656-g3542139ebd (webtiles) character file.

Game seed: 13107639964336365628

114 senseless the Ruffian (level 4, -1/51 HPs)
             Began as a Demonspawn Shapeshifter on Mar 8, 2024.
             Was a Believer of Beogh.
             Incinerated by a bombardier beetle (6 damage)
             ... with a burning spray
             ... on level 3 of the Dungeon.
             The game lasted 00:03:22 (1446 turns).

senseless the Ruffian (Demonspawn Shapeshifter)     Turns: 1446, Time: 00:03:23

Health: -1/51      AC: 22    Str: 13 (16) XL:     4   Next: 66%
Magic:  4/4        EV:  2    Int:  9 (11) God:    Beogh [**....]
Gold:   85         SH:  0    Dex: 10 (12) Spells: 3/3 levels left

rFire   . .          .
                       - Unarmed
rCold   . . .        (no shield)
rNeg    . . .        o - melded +0 plate armour
rPois   +            (helmet currently unavailable)
rElec   .            (cloak currently unavailable)
rCorr   .            (gloves currently unavailable)
SInv    .            (boots currently unavailable)
Will    .....        (no amulet)
Stlth   +            (no ring)
HPRegen 0.28/turn    (no ring)
MPRegen 0.09/turn

%: no passive effects
@: on fire, tree-form, glowing
A: stationary, stasis, torment immunity, boosted hp, (claws 1)
a: Renounce Religion, Smiting


You were on level 3 of the Dungeon.
You worshipped Beogh.
Beogh was pleased with you.
You were a tree.
You visited 1 branch of the dungeon, and saw 3 of its levels.

You collected 85 gold pieces.

Inventory:

Hand Weapons
 m - a +0 war axe
Armour
 a - a +0 animal skin
 e - a +1 ring mail
 f - a scarf of invisibility
 o - a +0 plate armour (melded)
Talismans
 c - a beast talisman (active)
 d - a flux talisman
Scrolls
 n - a scroll of teleportation
Potions
 g - a potion of invisibility {unknown}
 h - a potion of resistance {unknown}
 i - a potion of degeneration
 j - a potion of curing
 k - a potion of enlightenment {unknown}
 l - a potion of heal wounds {unknown}
 p - 3 potions of mutation {unknown}


   Skills:
 * Level 2.7 Fighting
 + Level 1.3 Armour
 + Level 2.3 Dodging
 + Level 3.1 Unarmed Combat
 + Level 3.1 Shapeshifting


You had 3 spell levels left.
You didn't know any spells.
Your spell library contained the following spells:

 Spells                   Type           Power      Damage    Failure   Level
 Olgreb's Toxic Radiance  Alch           0%         N/A       99%         4
 Alistair's Intoxication  Alch           0%         N/A       100%        5
 Fire Storm               Conj/Fire      0%         5d1       100%        9


Dungeon Overview and Level Annotations

Branches:
Dungeon (3/15)

Altars:
Beogh


Innate Abilities, Weirdness & Mutations

You are a tree.
Your roots penetrate the ground, keeping you stationary.
You cannot be teleported.
You are immune to unholy pain and torment.
Your maximum health is greatly increased.
Your equipment is partially melded.
Your facial features look somewhat orcish.
((You have sharp fingernails.))


Message History

The bombardier beetle is heavily wounded.
The liquid fire burns you!
The bombardier beetle bites you but does no damage.
The hobgoblin hits you.
You scratch the bombardier beetle.
The bombardier beetle is severely wounded.
The liquid fire burns you!
* * * LOW HITPOINT WARNING * * *
The hobgoblin hits you but does no damage.
The bombardier beetle bites you but does no damage.
It was a potion of degeneration.
There was something very wrong with that liquid.
You feel weakened.
You feel dopey.
You feel clumsy. The liquid fire burns you!
* * * LOW HITPOINT WARNING * * *
The hobgoblin hits you but does no damage.
It was a potion of curing.
You feel better. The liquid fire burns you!
* * * LOW HITPOINT WARNING * * *
The bombardier beetle sprays incendiary fluid at you.
The burning spray hits you.
You are even more covered in liquid fire!
The hobgoblin hits you.
* * * LOW HITPOINT WARNING * * *
Your transformation has ended.
You turn into a tree.
Your +0 plate armour melds into your body.
Your roots penetrate the ground.
The liquid fire burns you!
* * * LOW HITPOINT WARNING * * *
The hobgoblin hits you but does no damage.
You hit the bombardier beetle but do no damage.
The bombardier beetle is severely wounded.
The liquid fire burns you!
* * * LOW HITPOINT WARNING * * *
The bombardier beetle completely misses you.
The hobgoblin hits you but does no damage.
You closely miss the bombardier beetle.
The bombardier beetle is severely wounded.
The liquid fire burns you!
You die...

#.##..# #.####
#.....#######.#####
#.................#
####..#############
##..........
####...........
#......###.>..#
#.#..?...###.## #
#..♣B### .#
+...!g.......#
#.#.#..######
#....<.. #.#....#.
#####.##.# #.. #
###


You could see a bombardier beetle and a hobgoblin.

Vanquished Creatures
  An orc priest (D:3)
  3 adders (D:2)
  A gnoll (D:2)
  A dart slug (D:2)
  A ribbon worm (D:2)
  2 orcs (D:3)
  4 bats
  3 endoplasms
  A giant cockroach (D:2)
  A goblin (D:1)
  2 hobgoblins
  A quokka (D:2)
  7 ball pythons
  8 frilled lizards
  9 kobolds
  5 rats
50 creatures vanquished.

Notes
Turn   | Place    | Note
-------+----------+-------------------------------------------
     0 | D:1      | senseless the Demonspawn Shapeshifter began the quest for
                  | the Orb.
     0 | D:1      | Reached XP level 1. HP: 15/15 MP: 1/1
   108 | D:1      | Gained mutation: You have sharp fingernails. [demonic
                  | ancestry]
   108 | D:1      | Reached XP level 2. HP: 21/21 MP: 2/2
   503 | D:2      | Found a faded altar of an unknown god.
   514 | D:2      | Prayed at the altar of an unknown god.
   514 | D:2      | Became a worshipper of Beogh the Shepherd
   514 | D:2      | Reached * piety under Beogh
   642 | D:2      | Reached XP level 3. HP: 24/27 MP: 3/3
   750 | D:2      | Reached skill level 1 in Armour
  1034 | D:2      | Reached XP level 4. HP: 29/34 MP: 4/4
  1059 | D:2      | Got the Parchment of the Unstable Torch
  1384 | D:3      | Reached ** piety under Beogh
  1446 | D:3      | Incinerated by a bombardier beetle

Illustrated notes

Levels and vault maps discovered:
D:1:      heliophobic_arrival_battle_scene, layout_rooms
D:2:      layout_loops_ring, shapermc_ecumenical_altar_acropolis,
          minmay_misc_feat_pillars, kennysheep_generic_room_4
D:3:      layout_basic

Skill      XL: |  1  2  3 |
---------------+----------+-----
Dodging        | 2 |  2.3
Fighting       | 2 |  2.7
Armour         | 1 |  1.3
Unarmed Combat | 3 |  3.1
Shapeshifting  | 3 |  3.1

Action                     |  1- 3 |  4- 6 || total
---------------------------+-------+-------++-------
  Melee: Unarmed           |   137 |    35 ||   172
         Punch             |     2 |       ||     2
    Use: Scroll            |     1 |     1 ||     2
         Potion            |       |     3 ||     3
 Armour: Ring mail         |    59 |       ||    59
         Plate armour      |    35 |    23 ||    58
         Skin              |       |     2 ||     2
  Dodge: Dodged            |    85 |     7 ||    92

Table legend: (Time is in decaauts)
 A = Elapsed time spent in this place.
 B = Non-inter-level travel time spent in this place.
 C = Inter-level travel time spent in this place.
 D = Time resting spent in this place.
 E = Time spent auto-exploring this place.
 F = Levels seen in this place.
 G = Mean time per level.
                   A        B        C        D        E       F      G
               +--------+--------+--------+--------+--------+-----+--------+
         Total |   1437 |   1388 |     49 |    119 |    882 |   3 |  479.0 |
       Dungeon |   1437 |   1388 |     49 |    119 |    882 |   3 |  479.0 |
               +--------+--------+--------+--------+--------+-----+--------+

Top non-repeatable levels by time:
     D:2: 851 daAuts
     D:1: 485 daAuts
     D:3: 99 daAuts
